 Dungeon Crawl Stone Soup version 0.29-a0-284-gf9362112df (webtiles) character file.

Game seed: 13540629957171510972

2745 mistaj the Fighter (level 9, -1/75 HPs)
             Began as a Demonspawn Fighter on Mar 22, 2022.
             Was a Priest of Okawaru.
             Slain by a vampire (6 damage)
             ... on level 7 of the Dungeon.
             The game lasted 00:14:58 (10433 turns).

mistaj the Fighter (Demonspawn Fighter)            Turns: 10433, Time: 00:14:58

Health: -1/75      AC: 17    Str: 28    XL:     9   Next: 41%
Magic:  18/18      EV:  5    Int:  9    God:    Okawaru [***...]
Gold:   198        SH: 13    Dex: 12    Spells: 8/8 levels left

rFire   . . .      SeeInvis .   a - +0 long sword (flame)
rCold   . . .      Faith    .   p - +3 kite shield
rNeg    . . .      Spirit   .   A - +0 plate armour
rPois   .          Reflect  .   (helmet restricted)
rElec   .          Harm     .   (no cloak)
rCorr   .          Rampage  .   (no gloves)
Will    .....                   y - +2 pair of boots
Stlth   ..........              (no amulet)
HPRegen 0.22/turn               n - ring of magical power
MPRegen 0.16/turn               v - +6 ring of strength

@: no status effects
A: horns 2, thin metallic scales 2, foul stench 1
a: Renounce Religion, Heroism


You were on level 7 of the Dungeon.
You worshipped Okawaru.
Okawaru was most pleased with you.
You visited 1 branch of the dungeon, and saw 7 of its levels.

You collected 308 gold pieces.
You spent 110 gold pieces at shops.

Inventory:

Hand Weapons
 a - a +0 long sword of flaming (weapon)
 b - the +3 mace of Satyriasis {vorpal, rElec Dex+2}
   (You found it on level 6 of the Dungeon)

   It inflicts extra damage upon your enemies.
   Dex:       It affects your dexterity (+2).
   rElec:     It insulates you from electricity.
Missiles
 t - 9 poisoned darts (quivered)
Armour
 p - a +3 kite shield (worn)
 y - a +2 pair of boots (worn)
 A - a +0 plate armour (worn)
Jewellery
 n - a ring of magical power (left hand)
 v - a +6 ring of strength (right hand)
Wands
 x - a wand of mindburst (12)
Scrolls
 j - 2 scrolls of identify
 k - 2 scrolls of vulnerability
 l - a scroll of immolation
 m - 2 scrolls of brand weapon
 r - a scroll of amnesia
 z - 3 scrolls of fog
Potions
 d - 2 potions of might
 g - 4 potions of berserk rage
 o - 2 potions of curing
 w - 2 potions of attraction


   Skills:
 + Level 8.7 Fighting
 - Level 1.3(3.7) Short Blades
 * Level 5.4(5.5) Long Blades
 - Level 2.6 Armour
 + Level 7.9 Shields


You had 8 spell levels left.
You didn't know any spells.
Your spell library contained the following spells:

 Spells                   Type           Power      Damage    Failure   Level
 Magic Dart               Conj           0%         1d3       100%        1
 Sting                    Tmut/Pois      0%         1d3       100%        1
 Poisonous Vapours        Pois/Air       0%         N/A       100%        2
 Searing Ray              Conj           0%         2d4       100%        2
 Gell's Gravitas          Tloc           0%         N/A       100%        3
 Inner Flame              Hex/Fire       0%         N/A       100%        3
 Teleport Other           Tloc           0%         N/A       100%        3
 Cause Fear               Hex            0%         N/A       100%        4
 Fulminant Prism          Conj/Hex       0%         3d6       100%        4
 Olgreb's Toxic Radiance  Pois           0%         N/A       100%        4
 Dispersal                Tloc           0%         N/A       100%        6
 Discord                  Hex            0%         N/A       100%        8
 Chain Lightning          Conj/Air       0%         N/A       100%        9
 Fire Storm               Conj/Fire      0%         5d1       100%        9
 Shatter                  Erth           0%         3d5*      100%        9


Dungeon Overview and Level Annotations

Branches:
Dungeon (7/15)             Temple (0/1) D:6

Altars:
Elyvilon
Okawaru
Trog
Zin

Shops:
D:1 (:*

Annotations:
D:5 Menkaure


Innate Abilities, Weirdness & Mutations

You have a pair of horns on your head.
You are mostly covered in thin metallic scales. (AC +3)
You may rarely emit foul miasma when damaged in melee.


Message History

Something bites you but does no damage.
You hit something but do no damage. Something hits you but does no damage.
Something bites you but does no damage. Something hits you but does no damage.
Something bites you but does no damage.
You hit something. You burn something. Something hits you but does no damage.
Something bites you but does no damage.
You barely miss something. Your headbutt misses something.
Something hits you but does no damage. Something bites you but does no damage.
You slash something! You burn something. Something hits you.
Something bites you!
Something draws strength from your injuries!
You hit something but do no damage. Your headbutt misses something.
Something draws life force from you!
You hit something but do no damage. Something hits you.
Something bites you but does no damage. Something hits you but does no damage.
Something bites you but does no damage.
You hit something. You burn something.
You hear some strange, mumbled words.
You are confused.
Something hits you but does no damage. Something bites you but does no damage.
Something hits you but does no damage. Something bites you.
Something draws strength from your injuries!
Something hits you. Something bites you.
Something draws strength from your injuries!
You feel less confused.
You slash something! You burn something. Something hits you but does no damage.
Something completely misses you.
You closely miss something. Something hits you.
Something bites you but does no damage. Something draws life force from you!
* * * LOW HITPOINT WARNING * * *
Something hits you but does no damage. You block something's attack.
Something hits you.
* * * LOW HITPOINT WARNING * * *
Something bites you.
* * * LOW HITPOINT WARNING * * *
Something draws strength from your injuries!
Something hits you!
* * * LOW HITPOINT WARNING * * *
Something bites you.
You die...

≈≈≈≈≈≈≈.≈≈≈≈ ##
≈≈≈≈≈≈≈≈≈≈≈
#.####.≈.≈...≈≈≈≈
#.......≈≈.≈≈....
#...............≈.
#.................
#..................
##..{.............
##...@.<.........
#...>............
##.....##...##.## ###
########...##.####...
#..............
#..............
#..............
##.............
##........##...


There were no monsters in sight!

Vanquished Creatures
  6 yaks
  A steam dragon (D:6)
  2 water moccasins (D:6)
  2 black bears (D:5)
  3 ice beasts
  An ogre (D:6)
  A kobold brigand (D:4)
  2 necrophages
  2 scorpions (D:5)
  A howler monkey (D:4)
  2 jellies (D:6)
  4 hounds
  2 orc priests
  2 iguanas
  5 orc wizards
  12 gnolls
  8 adders
  A worm (D:2)
  2 dart slugs
  14 orcs
  8 ball pythons
  8 bats
  3 endoplasms
  5 giant cockroaches
  12 goblins
  7 hobgoblins
  6 jackals
  2 quokkas
  3 frilled lizards (D:1)
  5 kobolds
  3 rats
135 creatures vanquished.

Notes
Turn   | Place    | Note
-------+----------+-------------------------------------------
     0 | D:1      | mistaj the Demonspawn Fighter began the quest for the Orb.
     0 | D:1      | Reached XP level 1. HP: 18/18 MP: 1/1
   231 | D:1      | Found Gitebl Ruvax's Assorted Antiques.
   250 | D:1      | Found Dyluwo's Book Emporium.
   335 | D:1      | Gained mutation: You are partially covered in thin metallic
                  | scales. (AC +2) [demonic ancestry]
   335 | D:1      | Reached XP level 2. HP: 19/24 MP: 2/2
   404 | D:1      | Found Veh Val's Weapon Boutique.
  1087 | D:2      | Found a faded altar of an unknown god.
  1189 | D:2      | Reached skill level 1 in Short Blades
  1189 | D:2      | Gained mutation: You have a pair of small horns on your
                  | head. [demonic ancestry]
  1189 | D:2      | Reached XP level 3. HP: 28/29 MP: 3/3
  1810 | D:1      | Gained mutation: You may rarely emit foul miasma when
                  | damaged in melee. [demonic ancestry]
  1810 | D:1      | Reached XP level 4. HP: 16/37 MP: 4/4
  2003 | D:2      | Reached skill level 4 in Fighting
  2495 | D:2      | Reached XP level 5. HP: 33/42 MP: 5/5
  3258 | D:3      | Found an iron altar of Okawaru.
  3309 | D:3      | Became a worshipper of Warmaster Okawaru
  3683 | D:3      | Gained mutation: You have a pair of horns on your head.
                  | [demonic ancestry]
  3683 | D:3      | Reached XP level 6. HP: 41/50 MP: 6/6
  3743 | D:3      | Reached skill level 5 in Fighting
  4137 | D:4      | Reached * piety under Okawaru
  4196 | D:4      | Reached skill level 5 in Shields
  4463 | D:1      | Bought a blackened wooden ring for 110 gold pieces
  4699 | D:5      | Entered Level 5 of the Dungeon
  4706 | D:5      | Gained mutation: You are mostly covered in thin metallic
                  | scales. (AC +3) [demonic ancestry]
  4706 | D:5      | Reached XP level 7. HP: 41/57 MP: 7/7
  4832 | D:5      | Noticed Menkaure
  5060 | D:5      | Reached skill level 6 in Fighting
  6244 | D:5      | Reached skill level 7 in Fighting
  6244 | D:5      | Reached XP level 8. HP: 32/67 MP: 8/8
  6260 | D:5      | HP: 1/67 [orc priest/+0 war axe (5)]
  6808 | D:6      | Reached ** piety under Okawaru
  8219 | D:6      | Reached skill level 8 in Fighting
  8452 | D:6      | Reached XP level 9. HP: 42/75 MP: 9/9
  8466 | D:6      | Reached *** piety under Okawaru
  8976 | D:6      | Found a bloodstained altar of Trog.
  8979 | D:6      | Identified the +3 mace of Satyriasis {vorpal, rElec Dex+2}
  9149 | D:6      | Found a staircase to the Ecumenical Temple.
  9340 | D:6      | Reached skill level 5 in Long Blades
 10433 | D:7      | Slain by a vampire

Illustrated notes

Levels and vault maps discovered:
D:1:      minmay_arrival_diagonal_passages, layout_loops_ring, serial_shops,
          nicolae_shop_window_shopping, nicolae_shop_stone, shop,
          wad_floor_pattern_2, minmay_3d_cube
D:2:      layout_loops_ring, hellmonk_ecumenical_altar_prayer_group
D:3:      layout_rooms, okawaru_trees_2, mainiacjoe_overflow_brackets
D:4:      layout_loops_ring
D:5:      layout_basic, mainiacjoe_overflow_surrounded_room, uniq_menkaure
D:6:      layout_loops_ring, kennysheep_mini_moat,
          minmay_temple_entry_antechambers, serial_rivers,
          chequers_serial_rivers_large_a, chequers_serial_rivers_large_b,
          chequers_serial_rivers_small_b, chequers_serial_rivers_small_b,
          chequers_serial_rivers_room_a
D:7:      layout_gridville, chequers_serial_rivers_small_3

Skill      XL: |  1  2  3  4  5  6  7  8  9 |
---------------+----------------------------+-----
Long Blades    | 2 4 5 |  5.4
Shields        | 3 4 5 6 7 |  7.9
Short Blades   | 1 |  1.3
Fighting       | 4 5 7 8 |  8.7
Armour         | |  2.6

Action                   |  1- 3 |  4- 6 |  7- 9 || total
-------------------------+-------+-------+-------++-------
Melee: Dagger            |   141 |       |       ||   141
       Long sword        |     6 |       |   165 ||   171
       Headbutt          |    10 |    24 |    64 ||    98
       Spear             |     8 |   229 |   139 ||   376
Invok: Heroism           |       |       |     1 ||     1
  Use: Scroll            |       |       |    14 ||    14
       Potion            |       |       |     1 ||     1
Armor: Scale mail        |    52 |    69 |    53 ||   174
       Plate armour      |       |       |   116 ||   116
Dodge: Dodged            |    42 |    61 |    59 ||   162
Block: Buckler           |    31 |       |       ||    31
       Kite shield       |     8 |   132 |   179 ||   319

Table legend: (Time is in decaauts)
 A = Elapsed time spent in this place.
 B = Non-inter-level travel time spent in this place.
 C = Inter-level travel time spent in this place.
 D = Time resting spent in this place.
 E = Time spent auto-exploring this place.
 F = Levels seen in this place.
 G = Mean time per level.
                   A        B        C        D        E       F      G
               +--------+--------+--------+--------+--------+-----+--------+
         Total |  10616 |  10136 |    480 |   4909 |   3324 |   7 | 1516.6 |
       Dungeon |  10616 |  10136 |    480 |   4909 |   3324 |   7 | 1516.6 |
               +--------+--------+--------+--------+--------+-----+--------+

Top non-repeatable levels by time:
     D:6: 3242 daAuts
     D:5: 2432 daAuts
     D:2: 1588 daAuts
     D:1: 1380 daAuts
     D:3: 977 daAuts
     D:4: 837 daAuts
     D:7: 156 daAuts
